 Seeded DCSS version 0.30.1-9-gdf580d7c3d (webtiles) character file.

Game seed: 9106806156630997546 (custom seed)

320 Psyclone the Destroyer (level 6, -7/32 HPs)
             Began as a Deep Elf Conjurer on Oct 8, 2023.
             Mangled by a gnoll sergeant
             ... wielding a +5 trident
              (12 damage)
             ... on level 5 of the Dungeon on Oct 9, 2023.
             The game lasted 00:16:27 (3109 turns).

Psyclone the Destroyer (Deep Elf Conjurer)          Turns: 3109, Time: 00:16:28

Health: -7/32      AC:  2    Str:  4    XL:     6   Next: 22%
Magic:  2/12       EV: 12    Int: 25    God:
Gold:   11         SH:  0    Dex: 13    Spells: 8/11 levels left

rFire   . . .        e - +0 short sword
rCold   . . .        (no shield)
rNeg    . . .        a - +0 robe
rPois   .            (no helmet)
rElec   .            (no cloak)
rCorr   .            (no gloves)
SInv    .            (no boots)
Will    .....        (no amulet)
Stlth   ++           (no ring)
HPRegen 0.25/turn    (no ring)
MPRegen 0.13/turn

%: no passive effects
@: no status effects
A: no striking features
a: no special abilities


You were on level 5 of the Dungeon.
You visited 1 branch of the dungeon, and saw 5 of its levels.

You collected 11 gold pieces.

Inventory:

Hand Weapons
 e - a +0 short sword (weapon)
Armour
 a - a +0 robe (worn)
Jewellery
 f - a ring of poison resistance
Scrolls
 i - a scroll of blinking {unknown}
 j - a scroll of teleportation {unknown}
Potions
 b - a potion of magic
 c - 2 potions of curing {unknown}
 d - a potion of berserk rage {unknown}
 g - a potion of lignification {unknown}
 h - a potion of brilliance {unknown}


   Skills:
 - Level 2.4 Dodging
 - Level 2.4 Stealth
 - Level 3.0 Spellcasting
 + Level 8.3 Conjurations


You had 8 spell levels left.
You knew the following spells:

 Your Spells              Type           Power      Damage    Failure   Level
a - Magic Dart            Conj           100%       1d8       1%          1
b - Searing Ray           Conj           90%        2d7       1%          2

Your spell library contained the following spells:

 Spells                   Type           Power      Damage    Failure   Level
 Dazzling Flash           Conj/Hex       48%        N/A       5%          3
 Fulminant Prism          Conj/Hex       12%        3d8       19%         4
 Iskenderun's Mystic Bla  Conj/Tloc      24%        2d7       19%         4


Dungeon Overview and Level Annotations

Branches:
Dungeon (5/15) Zot: 26882
 Temple: D:4-7

Altars:
Qazlal

Shops:
D:1 =


Message History

The searing ray hits the gnoll sergeant but does no damage. (Press . to maintain the ray.)
A gnoll comes into view. It is wielding a +4 spear.
You now have 6/12 mp.
The searing ray hits the gnoll sergeant.
The gnoll sergeant is lightly wounded.
You now have 5/12 mp.
The searing ray hits the gnoll sergeant but does no damage.
The gnoll sergeant is lightly wounded.
The searing ray misses the gnoll.
A gnoll comes into view. It is wielding a +0 flail.
The gnoll sergeant hits you from afar with a +5 trident!
You take 11 damage, and have 21/32 hp.
MASSIVE DAMAGE!!
You now have 4/12 mp.
The searing ray hits the gnoll sergeant!
The gnoll sergeant is heavily wounded.
The searing ray hits the gnoll!
The gnoll is severely wounded.
You finish channelling your searing ray.
The gnoll sergeant hits you from afar with a +5 trident!
* * * LOW HITPOINT WARNING * * *
A gnoll comes into view. It is wielding a +0 flail.
You take 12 damage, and have 9/32 hp.
MASSIVE DAMAGE!!
The gnoll sergeant hits you from afar with a +5 trident.
* * * LOW HITPOINT WARNING * * *
You take 4 damage, and have 5/32 hp.
Casting: Searing Ray (safe; 1% risk of failure)
Confirm with . or Enter, or press ? or * to list all spells.
Aiming: Searing Ray (safe; 1% risk of failure)
Press: ? - help, Shift-Dir - straight line, f - gnoll
Aim: a gnoll, wielding a +0 flail (severely wounded, 84% to hit)
The searing ray hits the gnoll!
You kill the gnoll!
The searing ray hits the gnoll sergeant.
The gnoll sergeant is heavily wounded.
The searing ray hits the gnoll.
The gnoll is moderately wounded. (Press . to maintain the ray.)
The gnoll shouts! x2
The gnoll sergeant hits you from afar with a +5 trident!
You die...

#.#.$...#
#.##.####
#+#...$...#
#....####.#
##........#
#..>##.#.#
#.#.# #
#####.#.#
.g...g)@#
##.g.g..#
#......#
#......#
#......#
#......#
#......#
#......#


You could see a gnoll sergeant and 3 gnolls.

Vanquished Creatures
  Sigmund (D:3)
  Jessica (D:2)
  Natasha (twice) (D:3)
  Robin (D:2)
  2 gnolls (D:5)
  An adder (D:3)
  A worm (D:2)
  2 dart slugs
  4 ball pythons
  5 bats
  4 endoplasms
  A giant cockroach (D:2)
  14 goblins
  2 hobgoblins
  3 jackals (D:2)
  6 kobolds
  2 frilled lizards (D:1)
  A rat (D:1)
53 creatures vanquished.

Notes
Turn   | Place    | Note
-------+----------+-------------------------------------------
     0 | D:1      | Psyclone the Deep Elf Conjurer began the quest for the Orb.
     0 | D:1      | Reached XP level 1. HP: 10/10 MP: 6/6
   164 | D:1      | Found Cetaas's Jewellery Emporium.
   224 | D:1      | Reached XP level 2. HP: 13/15 MP: 2/8
   309 | D:1      | Reached skill level 5 in Conjurations
   746 | D:2      | Found a stormy altar of Qazlal.
   880 | D:2      | Noticed Robin
   955 | D:2      | Killed Robin
   956 | D:2      | Reached XP level 3. HP: 19/19 MP: 2/9
  1053 | D:2      | Learned a level 2 spell: Searing Ray
  1207 | D:2      | Noticed Jessica
  1212 | D:2      | Killed Jessica
  1213 | D:2      | Reached skill level 6 in Conjurations
  1213 | D:2      | Reached XP level 4. HP: 24/24 MP: 4/10
  2320 | D:3      | Noticed Natasha
  2325 | D:3      | Killed Natasha
  2479 | D:3      | Noticed Sigmund
  2485 | D:3      | Killed Sigmund
  2486 | D:3      | Reached skill level 8 in Conjurations
  2486 | D:3      | Reached XP level 5. HP: 15/28 MP: 3/11
  2486 | D:3      | Reached XP level 6. HP: 17/32 MP: 3/12
  2694 | D:3      | Noticed Natasha
  2697 | D:3      | Killed Natasha
  3071 | D:5      | Entered Level 5 of the Dungeon
  3109 | D:5      | Mangled by a gnoll sergeant

Illustrated notes

Levels and vault maps discovered:
D:1:      onia_arrival_mini_spirals, layout_loops_ring, serial_shops, shop
D:2:      layout_rooms, basic_altar, reono_crystal_passage, minmay_tetromino_l2,
          uniq_robin, uniq_jessica, uniq_crazy_yiuf_cottage
D:3:      layout_loops_ring, uniq_sigmund, uniq_natasha
D:4:      layout_rooms, ebering_ghost_sewer_d, nicolae_take_the_stairs,
          grunt_ministairs_6, ebering_dispersal_statue_hall,
          minmay_ogre_servants
D:5:      nicolae_cairo_tiling_large, layout_basic, slow_altar_2,
          minmay_temple_entry_junction_2, portal_sewer_entry_b

Skill      XL: |  1  2  3  4 |
---------------+-------------+-----
Conjurations   | 5 6 8 |  8.3
Dodging        | |  2.4
Stealth        | |  2.4
Spellcasting   | |  3.0

Action                     |  1- 3 |  4- 6 || total
---------------------------+-------+-------++-------
  Melee: Short sword       |     1 |       ||     1
   Cast: Magic Dart        |    58 |    40 ||    98
         Searing Ray       |       |     6 ||     6
 Armour: Robe              |       |     1 ||     1
  Dodge: Dodged            |    16 |     8 ||    24
